 Dungeon Crawl Stone Soup version 0.27.0-1-g7a089689b8 (webtiles) character file.

Game seed: 8935176269650842832

61 JackMcBride the Chopper (level 3, 0/33 HPs)
             Began as a Minotaur Fighter on Aug 8, 2021.
             Succumbed to a scorpion's poison
             ... on level 3 of the Dungeon.
             The game lasted 00:02:27 (1891 turns).

JackMcBride the Chopper (Minotaur Fighter)          Turns: 1891, Time: 00:02:28

Health: 0/33       AC:  7    Str: 21    XL:     3   Next: 83%
Magic:  2/2        EV:  7    Int:  5    God:
Gold:   83         SH:  9    Dex:  9    Spells: 2/2 levels left

rFire    . . .     SeeInvis .   a - +0 war axe
rCold    . . .     Faith    .   c - +0 kite shield
rNeg     . . .     Spirit   .   b - +0 scale mail
rPois    .         Reflect  .   (helmet restricted)
rElec    .         Harm     .   (no cloak)
rCorr    .         Rampage  .   (no gloves)
Will     .....                  (no boots)
Stlth    ..........             (no amulet)
HPRegen  0.11/turn              (no ring)
MPRegen  0.08/turn              (no ring)

@: lethally poisoned (0 -> -16), hasted, very quick
A: horns 2, retaliatory headbutt
a: no special abilities


You were on level 3 of the Dungeon.
You visited 1 branch of the dungeon, and saw 3 of its levels.

You collected 83 gold pieces.

Inventory:

Hand Weapons
 a - a +0 war axe (weapon)
Armour
 b - a +0 scale mail (worn)
 c - a +0 kite shield (worn)
Scrolls
 g - a scroll of teleportation
Potions
 d - 2 potions of might


   Skills:
 + Level 3.9 Fighting
 + Level 4.1 Axes
 + Level 4.0 Armour
 + Level 4.1 Shields


You had 2 spell levels left.
You didn't know any spells.
Your spell library was empty.

Dungeon Overview and Level Annotations

Branches:
Dungeon (3/15)

Altars:
Nemelex Xobeh
Beogh


Innate Abilities, Weirdness & Mutations

You have a pair of horns on your head.
You reflexively headbutt those who attack you in melee.


Message History

No target in view!
A scorpion comes into view.
A scorpion is nearby!
You closely miss the scorpion. The scorpion stings you. x2
You hit the scorpion but do no damage.
The scorpion stings you but does no damage.
You slash the scorpion!
You headbutt the scorpion, but do no damage.
The scorpion is heavily wounded.
The scorpion stings you but does no damage.
The scorpion stings you!
You are poisoned.
The scorpion poisons you!
A scorpion is nearby!
It was a potion of magic.
Magic courses through your body.
You feel very sick. The scorpion stings you.
You are lethally poisoned!
The scorpion poisons you!
It was a potion of heal wounds.
You feel much better.
You feel very sick. The scorpion stings you.
You are lethally poisoned!
The scorpion poisons you! The scorpion stings you.
It was a potion of haste.
You feel yourself speed up.
You feel extremely sick.
The scorpion stings you but does no damage.
You slash the scorpion!
The scorpion is almost dead.
You feel very sick.
The scorpion stings you but does no damage.
You hit the scorpion but do no damage.
The scorpion is almost dead.
* * * LOW HITPOINT WARNING * * *
You feel very sick. The scorpion stings you.
* * * LOW HITPOINT WARNING * * *
You barely miss the scorpion. Your headbutt misses the scorpion.
The scorpion is almost dead.
You die...

#.# #.#
*.# #.#
#.# *.#
#.###.#
*,*
#..##.#
*,*
##.##.#
*,* #.##.#
*,* #..#†#
#####.#
##.#.##
#.s...#
#....#
#@#****
##.#.# #.#
#...####.#
##.......#
#...#####
##..# #..#
#.># ####


You could see a scorpion.

Vanquished Creatures
  An adder (D:2)
  A worm (D:2)
  A dart slug (D:1)
  3 ball pythons
  8 endoplasms
  2 giant cockroaches (D:1)
  4 goblins
  A hobgoblin (D:1)
  2 quokkas (D:2)
  7 bats
  2 frilled lizards
  2 kobolds
  13 rats
  2 bushes (D:2)
49 creatures vanquished.

Vanquished Creatures (others)
  A fungus (D:3)
  5 plants (D:2)
6 creatures vanquished.

Grand Total: 55 creatures vanquished

Notes
Turn   | Place    | Note
-------+----------+-------------------------------------------
     0 | D:1      | JackMcBride the Minotaur Fighter began the quest for the
                  | Orb.
     0 | D:1      | Reached XP level 1. HP: 19/19 MP: 0/0
   195 | D:1      | Reached XP level 2. HP: 27/27 MP: 1/1
   679 | D:1      | Found a faded altar of an unknown god.
   870 | D:2      | Reached XP level 3. HP: 28/33 MP: 2/2
  1041 | D:2      | Found a sparkling altar of Nemelex Xobeh.
  1882 | D:3      | Noticed a scorpion
  1891 | D:3      | Succumbed to a scorpion's poison

Illustrated notes

Levels and vault maps discovered:
D:1:      mrwooster_arrival_statue_2, layout_basic,
          hellmonk_ecumenical_altar_defaced_shrine,
          hangedman_decor_clover_reticule
D:2:      layout_basic, basic_altar, serial_forest, infiniplex_forest_end_3,
          infiniplex_forest_end_3, infiniplex_forest_clump_small,
          infiniplex_forest_clump_tiny, infiniplex_forest_clump_long,
          infiniplex_forest_end_3, infiniplex_forest_lined_1
D:3:      layout_basic, minmay_misc_feat_more_columns, uniq_crazy_yiuf_cottage

Skill      XL: |  1  2  3 |
---------------+----------+-----
Shields        | 4 |  4.1
Axes           | 3 4 |  4.1
Armour         | 4 |  4.0
Fighting       | |  3.9

Action                   || total
-------------------------++-------
Melee: War axe           ||   165
       Headbutt          ||    39
  Use: Scroll            ||     3
       Potion            ||     3
Armor: Scale mail        ||    50
Dodge: Dodged            ||    32
Block: Kite shield       ||    54
